 Dungeon Crawl Stone Soup version 0.31.0 (webtiles) character file.

Game seed: 404566207994646653

464 qw the Shooter (level 7, -5/43 HPs)
             Began as a Gargoyle Hunter on Jan 20, 2024.
             Slain by a gnoll sergeant
             ... wielding a +2 trident of protection
              (9 damage)
             ... on level 4 of the Dungeon.
             The game lasted 00:00:21 (2798 turns).

qw the Shooter (Gargoyle Hunter)                    Turns: 2798, Time: 00:00:22

Health: -5/43      AC: 14    Str: 15    XL:     7   Next: 8%
Magic:  7/7        EV: 11    Int:  9    God:
Gold:   162        SH:  0    Dex: 15    Spells: 6/6 levels left

rFire   . . .        b - +0 orcbow
rCold   . . .        (shield currently unavailable)
rNeg    + + .        h - +0 ring mail
rPois   inf          d - +1 helmet
rElec   +            (no cloak)
rCorr   .            (no gloves)
SInv    .            e - +1 pair of boots
Will    .....        (no amulet)
Stlth   +            f - ring of positive energy
HPRegen 0.27/turn    (no ring)
MPRegen 0.10/turn

%: no passive effects
@: no status effects
A: sickness immunity, AC +4, negative energy resistance 1, electricity
resistance, torment resistance 1, petrification resistance
a: no special abilities


You were on level 4 of the Dungeon.
You visited 1 branch of the dungeon, and saw 4 of its levels.

You collected 162 gold pieces.


Innate Abilities, Weirdness & Mutations

You are immune to sickness and miasma.
Your stone body is resilient. (AC +4)
You are immune to poison.
You resist negative energy. (rN+)
You are resistant to electric shocks. (rElec)
You are resistant to unholy torment.
You are immune to petrification.


   Skills:
 - Level 4.0 Fighting
 + Level 7.2 Ranged Weapons
 - Level 2.0 Armour
 - Level 1.5 Dodging
 - Level 1.1 Stealth


You had 6 spell levels left.
You didn't know any spells.
Your spell library was empty.

Inventory:

Hand Weapons
 b - a +0 orcbow (weapon)
Armour
 d - a +1 helmet (worn)
 e - a +1 pair of boots (worn)
 h - a +0 ring mail (worn)
Jewellery
 f - a ring of positive energy (left hand)
Wands
 c - a wand of mindburst (14)
Potions
 g - a potion of curing

Dungeon Overview and Level Annotations

Branches:
Dungeon (4/15)
 Temple: D:4-7

Altars:
Fedhas
Sif Muna

Shops:
D:2 (


Message History

The hound closely misses you.
You shoot an arrow. The arrow closely misses the hound.
The hound bites you but does no damage.
The gnoll sergeant hits you from afar with a +2 trident of protection!
The hound bites you but does no damage. The gnoll sergeant closely misses you.
You shoot an arrow. The arrow hits the hound!
The hound is severely wounded.
The hound misses you.
The gnoll sergeant hits you but does no damage.
The hound bites you but does no damage.
You shoot an arrow. The arrow closely misses the hound.
The hound misses you.
The gnoll sergeant hits you from afar with a +2 trident of protection.
The hound bites you.
You shoot an arrow. The arrow misses the hound.
The hound stops to sniff the ground.
The hound bites you but does no damage.
The gnoll sergeant hits you but does no damage.
The hound closely misses you.
You shoot an arrow. The arrow misses the hound.
The hound misses you. The gnoll sergeant closely misses you.
The gnoll sergeant barely misses you. The hound bites you.
You shoot an arrow. The arrow hits the hound!
You kill the hound!
The gnoll sergeant hits you from afar with a +2 trident of protection.
You shoot an arrow.
The arrow hits the gnoll sergeant but does no damage.
The gnoll sergeant is heavily wounded.
The gnoll sergeant hits you but does no damage.
You shoot an arrow.
The arrow barely misses the gnoll sergeant.
The gnoll sergeant hits you but does no damage.
You shoot an arrow.
The arrow completely misses the gnoll sergeant.
The gnoll sergeant hits you from afar with a +2 trident of protection!
The gnoll sergeant closely misses you.
You shoot an arrow.
The arrow closely misses the gnoll sergeant.
The gnoll sergeant hits you from afar with a +2 trident of protection!
You die...

..... .#.. ...
####.. #....##
.....# ..
#....#...#
#<.......#
#.@##...#
#..)%...##
#..g.......#
#....#......##
#....#....#.#
#.............
###.
.......###
.........


You could see a gnoll sergeant.

Vanquished Creatures
  Sigmund (D:3)
  A bombardier beetle (D:3)
  A hound (D:4)
  Ijyb (D:3)
  Robin (D:3)
  7 gnolls
  6 adders
  2 ufetubi
  3 dart slugs
  An orc (D:3)
  7 ball pythons
  7 bats
  4 endoplasms
  3 giant cockroaches
  16 goblins
  9 hobgoblins
  A jackal (D:1)
  2 quokkas
  2 frilled lizards (D:1)
  3 kobolds (D:1)
  6 rats
84 creatures vanquished.

Notes
Turn   | Place    | Note
-------+----------+-------------------------------------------
     0 | D:1      | qw the Gargoyle Hunter began the quest for the Orb.
     0 | D:1      | Reached XP level 1. HP: 12/12 MP: 1/1
     0 | D:1      | 0 ||| qw: Version: 0.3-a-132-g3d54051
     0 | D:1      | 0 ||| qw: Game counter: 428
     0 | D:1      | 0 ||| qw: Melee chars always use a shield: true
     0 | D:1      | 0 ||| qw: God list: Okawaru
     0 | D:1      | 0 ||| qw: Allow faded altars: false
     0 | D:1      | 0 ||| qw: Do Orc after clearing Dungeon:15 true
     0 | D:1      | 0 ||| qw: Do second Lair branch before Depths: true
     0 | D:1      | 0 ||| qw: Lair rune preference: random
     0 | D:1      | 0 ||| qw: Goals: Normal
     0 | D:1      | 0 ||| PLANNING D:1-11
    19 | D:1      | Reached XP level 2. HP: 17/17 MP: 2/2
   326 | D:1      | Reached XP level 3. HP: 19/21 MP: 3/3
   375 | D:1      | Reached skill level 5 in Ranged Weapons
   653 | D:1      | 653 ||| UPGRADING to +0 ring mail.
   663 | D:1      | 663 ||| DROPPING +0 leather armour.
   664 | D:1      | 664 ||| UPGRADING to ring of positive energy.
   665 | D:1      | 665 ||| READING scroll labelled PIOMUIRUAGG.
   665 | D:1      | Identified a scroll of acquirement
   665 | D:1      | 665 ||| ACQUIRING +5 shortbow of Ihegas {freeze, rC+ Int+4}
   665 | D:1      | Acquired the +5 shortbow of Ihegas {freeze, rC+ Int+4}
   667 | D:1      | 667 ||| SWAPPING to +5 shortbow of Ihegas {freeze, rC+
                  | Int+4}.
   668 | D:1      | 668 ||| DROPPING +0 shortbow.
   669 | D:1      | 669 ||| READING scroll labelled VIOSYGG LIMME.
   669 | D:1      | 669 ||| IDENTIFYING scroll labelled NAICVU HAHEIJ
   670 | D:1      | 670 ||| DROPPING scroll of butterflies.
   897 | D:2      | 897 ||| SWAPPING to +0 orcbow.
   898 | D:2      | 898 ||| DROPPING +5 shortbow of Ihegas {freeze, rC+ Int+4}.
   954 | D:2      | Reached skill level 1 in Armour
  1117 | D:2      | Reached XP level 4. HP: 19/27 MP: 4/4
  1122 | D:2      | HP: 5/27 [gnoll/+0 spear (4)]
  1123 | D:2      | 1123 ||| READING 2 scrolls of teleportation.
  1125 | D:2      | HP: 1/27 [gnoll/+0 spear (5)]
  1131 | D:2      | 1131 ||| READING scroll of teleportation.
  1133 | D:2      | HP: 1/27 [adder (2)]
  1135 | D:2      | 1135 ||| FLEEEEING.
  1281 | D:2      | Reached skill level 3 in Fighting
  1321 | D:2      | Found Fouc's Antique Weapon Emporium.
  1563 | D:2      | 1563 ||| UPGRADING to +0 helmet.
  1568 | D:2      | 1568 ||| READING scroll labelled DOZYH KIURO.
  1569 | D:2      | 1569 ||| DRINKING 2 orange potions.
  1600 | D:3      | Noticed Sigmund
  1601 | D:3      | 1601 ||| DRINKING clear potion.
  1616 | D:3      | 1616 ||| FLEEEEING.
  1622 | D:3      | 1622 ||| STAIRDANCE
  1678 | D:3      | 1678 ||| STAIRDANCE
  1680 | D:2      | 1680 ||| FLEEEEING.
  1735 | D:3      | 1735 ||| STAIRDANCE
  1737 | D:2      | 1737 ||| FLEEEEING.
  1785 | D:3      | Killed Sigmund
  1786 | D:3      | Reached skill level 6 in Ranged Weapons
  1786 | D:3      | Reached XP level 5. HP: 31/32 MP: 5/5
  1786 | D:3      | Reached XP level 6. HP: 36/37 MP: 6/6
  1850 | D:3      | HP: 6/37 [burnt (7)]
  1851 | D:3      | 1851 ||| DRINKING potion of heal wounds.
  1853 | D:3      | 1853 ||| FLEEEEING.
  1967 | D:3      | Found a shimmering blue altar of Sif Muna.
  1973 | D:3      | Found a blossoming altar of Fedhas.
  1981 | D:3      | Noticed Ijyb
  1985 | D:3      | Killed Ijyb
  1986 | D:3      | 1986 ||| FLEEEEING.
  2346 | D:3      | Noticed Robin
  2348 | D:3      | Killed Robin
  2392 | D:3      | Reached skill level 7 in Ranged Weapons
  2493 | D:3      | 2493 ||| UPGRADING to +1 pair of boots.
  2498 | D:3      | 2498 ||| READING scroll of identify.
  2498 | D:3      | 2498 ||| IDENTIFYING metallic red potion
  2499 | D:3      | 2499 ||| READING scroll labelled TUCZEA YXUHOBU.
  2499 | D:3      | 2499 ||| ENCHANTING +0 helmet.
  2512 | D:4      | 2512 ||| STAIRDANCE
  2528 | D:3      | 2528 ||| FLEEEEING.
  2575 | D:4      | 2575 ||| STAIRDANCE
  2577 | D:3      | 2577 ||| FLEEEEING.
  2627 | D:4      | 2627 ||| STAIRDANCE
  2642 | D:4      | 2642 ||| STAIRDANCE
  2658 | D:4      | 2658 ||| STAIRDANCE
  2660 | D:3      | 2660 ||| FLEEEEING.
  2688 | D:4      | 2688 ||| STAIRDANCE
  2725 | D:4      | 2725 ||| STAIRDANCE
  2739 | D:4      | Reached XP level 7. HP: 34/43 MP: 7/7
  2739 | D:4      | 2739 ||| STAIRDANCE
  2741 | D:3      | 2741 ||| FLEEEEING.
  2797 | D:4      | HP: 3/43 [gnoll sergeant/+2 trident of protection (9)]
  2798 | D:4      | Slain by a gnoll sergeant

Levels and vault maps discovered:
D:1:      heliophobic_arrival_ceremonial_halls, layout_basic, minmay_domino_2
D:2:      layout_basic, serial_shops, nicolae_shop_getting_attention
D:3:      layout_basic, mainiacjoe_overflow_large_starburst, uniq_robin,
          uniq_ijyb, uniq_sigmund
D:4:      layout_cave_pools, nicolae_specific_store

Skill      XL: |  1  2  3  4  5  6 |
---------------+-------------------+-----
Ranged Weapons | 5 6 7 |  7.2
Armour         | 1 2 |  2.0
Fighting       | 3 4 |  4.0
Dodging        | |  1.5
Stealth        | |  1.1

Action                     |  1- 3 |  4- 6 |  7- 9 || total
---------------------------+-------+-------+-------++-------
   Fire: Shortbow          |    88 |       |       ||    88
         Orcbow            |    18 |   205 |    16 ||   239
    Use: Scroll            |     2 |     5 |       ||     7
         Potion            |       |     3 |       ||     3
 Armour: Leather armour    |    24 |       |       ||    24
         Ring mail         |     5 |   126 |    17 ||   148
  Dodge: Dodged            |    28 |   107 |    14 ||   149

Table legend:
 A = Non-vault XP
 B = Vault XP
 C = Vault XP percentage of total XP
 D = Non-vault monster count
 E = Vault monster count
 F = Vault count percentage of total count
                 A         B        C        D         E       F
            +---------+---------+-------+---------+---------+-------
      Total |     369 |     295 |  44.4 |      68 |      16 |  19.0
            +---------+---------+-------+---------+---------+-------
        D:1 |      44 |       3 |   6.4 |      25 |       2 |   7.4
        D:2 |     113 |       0 |   0.0 |      18 |       0 |   0.0
        D:3 |     149 |     292 |  66.2 |      22 |      14 |  38.9
        D:4 |      63 |       0 |   0.0 |       3 |       0 |   0.0
            +---------+---------+-------+---------+---------+-------
